 Dungeon Crawl Stone Soup version 0.21.1-1-g345015fe64 (webtiles) character file.

3789 Gargoyl the Chopper (level 9, -1/112 HPs)
             Began as a Centaur Abyssal Knight on June 23, 2018.
             Was an Elder of Lugonu.
             Slain by a yak (9 damage)
             ... on level 8 of the Dungeon.
             The game lasted 00:13:00 (9042 turns).

Gargoyl the Chopper (Centaur Abyssal Knight)        Turns: 9042, Time: 00:13:01

Health: -1/112     AC: 24    Str: 16    XL:     9   Next: 95%
Magic:  13/13      EV:  1    Int: 11    God:    Lugonu [****..]
Gold:   166        SH:  0    Dex: 11    Spells: 8/8 levels left

rFire    . . .     SeeInvis .   l - +1 war axe
rCold    + . .     Gourm    .   (no shield)
rNeg     + + +     Faith    .   (armour currently unavailable)
rPois    +         Spirit   .   (helmet currently unavailable)
rElec    .         Reflect  .   (cloak currently unavailable)
rCorr    .         Harm     .   (gloves currently unavailable)
MR       .....     NoTele   +   (no barding)
Stlth    +.........             (no amulet)
HPRegen  0.28/turn              j - ring of protection from cold
MPRegen  0.13/turn              s - ring of poison resistance

@: tree-form (expiring)
A: large
a: Depart the Abyss, Bend Space, Banish, Corrupt, Renounce Religion


You were on level 8 of the Dungeon.
You worshipped Lugonu.
Lugonu was greatly pleased with you.
You were not hungry.
You were a tree.
You visited 1 branch of the dungeon, and saw 8 of its levels.
You visited the Abyss 1 time.

You collected 374 gold pieces.
You spent 208 gold pieces at shops.

Inventory:

Hand Weapons
 a - a +2 hand axe
 l - a +1 war axe (weapon)
Missiles
 o - 3 tomahawks (quivered)
Armour
 d - a +0 centaur barding (melded)
 g - a +0 cloak (melded)
 m - a +0 helmet (melded)
 p - a +0 pair of gloves (melded)
 v - a +0 chain mail of fire resistance (melded)
Jewellery
 b - an uncursed amulet of faith {unknown}
 j - a ring of protection from cold (left branch)
 r - an uncursed ring of positive energy {unknown}
 s - a ring of poison resistance (right branch)
Wands
 u - a wand of flame (21)
 x - a wand of disintegration (9)
Scrolls
 k - 8 scrolls of identify
 n - 3 scrolls of amnesia
 w - a scroll of blinking
 y - a scroll of teleportation
 z - a scroll of enchant armour
Potions
 e - 5 potions of flight
 f - a potion of magic
 h - 6 potions of curing
 i - 2 potions of haste
 t - 2 potions of degeneration {unknown}
Comestibles
 c - 10 rations


   Skills:
 + Level 5.8 Fighting
 + Level 7.4 Axes
 * Level 6.8 Armour
 + Level 2.0 Dodging
 * Level 6.6 Invocations


You had 8 spell levels left.
You didn't know any spells.

Dungeon Overview and Level Annotations

Branches:
Dungeon (8/15)             Temple (0/1) D:7
   Lair: D:8-11

Altars:
Nemelex Xobeh
Okawaru
Zin
The Shining One

Shops:
D:4 *


Innate Abilities, Weirdness & Mutations

((You have hooves in place of feet.))
((Armour fits poorly on your strangely shaped body.))
((You cover ground very quickly.))
((You have extremely tough skin. (AC +3)))


Message History

The yak gores you but does no damage.
You slash the yak!
The yak is heavily wounded.
The yak gores you but does no damage.
You hit the yak.
The yak is heavily wounded.
The yak gores you but does no damage.
You hit the yak but do no damage.
The yak is heavily wounded.
Your transformation is almost over.
The yak gores you.
* * * LOW HITPOINT WARNING * * *
You hit the yak.
The yak is severely wounded.
The yak gores you!
* * * LOW HITPOINT WARNING * * *
You hit the yak but do no damage.
The yak is severely wounded.
The yak gores you!
You die...

####### +.P≈PP#
#≈≈)≈P# +##P≈P.≈#
..#%....### #...
..'.%YY≈..# ##...(
..'..P..#Y# .>....
%.'..%.≈#♣# #.....
%.#.....#.#
#.....##########.#
............###..#
#...............##
#...........#####
#...........#
#...........#
#...........#


You could see a yak.

Vanquished Creatures
  2 dream sheep (D:8)
  A yak (D:8)
  A water moccasin (D:6)
  A black bear (D:7)
  2 ice beasts (D:5)
  An orc warrior (D:8)
  A phantom (D:4)
  An ogre (D:7)
  3 centaurs
  3 big kobolds
  The ghost of Evaline the Firebug, an amateur TeFE of Hepliaklqana (D:4)
  6 bullfrogs
  A scorpion (D:5)
  2 crimson imps
  5 hounds
  2 centaur zombies
  10 orc priests
  A bullfrog skeleton (D:5)
  6 orc wizards
  5 worker ants
  Terence (D:2)
  2 hound zombies
  A hound skeleton (D:5)
  Robin (D:2)
  12 adders
  3 shadow imps
  An adder zombie (D:6)
  3 worms
  2 adder skeletons
  3 dart slugs
  4 leopard geckos
  31 orcs
  3 giant cockroaches
  10 hobgoblins
  6 kobolds
  4 quokkas
  2 ball pythons
  7 bats
  3 frilled lizards
  A giant cockroach zombie (D:5)
  12 goblins (D:2)
  A jackal skeleton (D:5)
  A leopard gecko skeleton (D:5)
  A quokka zombie (D:5)
  10 rats
  A withered plant (D:5)
181 creatures vanquished.

Vanquished Creatures (others)
  The ghost of Salt the Cleaver, a novice MiBe of Trog (D:6)
  An orc warrior (D:6)
  An ogre (D:4)
  An orc wizard (D:6)
  A lurking horror (Abyss:1)
5 creatures vanquished.

Grand Total: 186 creatures vanquished

Notes
Turn   | Place    | Note
-------+----------+-------------------------------------------
     0 | Abyss:1  | Gargoyl the Centaur Abyssal Knight began the quest for the Orb.
     0 | Abyss:1  | Reached XP level 1. HP: 19/19 MP: 2/2
    49 | Abyss:1  | Noticed a tentacled starspawn
    80 | Abyss:1  | Noticed a cyan very ugly thing
    81 | D:1      | Escaped the Abyss
   570 | D:1      | Reached * piety under Lugonu
   690 | D:1      | Reached XP level 2. HP: 26/26 MP: 3/3
   854 | D:2      | Noticed Terence
   867 | D:2      | Killed Terence
   867 | D:2      | Reached skill level 2 in Axes
   867 | D:2      | Reached XP level 3. HP: 25/33 MP: 4/4
   867 | D:2      | Reached skill level 1 in Dodging
  1258 | D:2      | Noticed Robin
  1262 | D:2      | Reached XP level 4. HP: 39/40 MP: 5/5
  1273 | D:2      | Killed Robin
  1278 | D:2      | Found a sparkling altar of Nemelex Xobeh.
  1404 | D:2      | Found an iron altar of Okawaru.
  1421 | D:2      | Reached ** piety under Lugonu
  1799 | D:3      | Reached XP level 5. HP: 29/46 MP: 7/7
  1803 | D:3      | Reached skill level 3 in Axes
  2398 | D:3      | Found a glowing golden altar of the Shining One.
  2808 | D:4      | Noticed an ogre
  2949 | D:4      | Reached XP level 6. HP: 48/52 MP: 8/8
  3005 | D:4      | Reached *** piety under Lugonu
  3342 | D:4      | Noticed Evaline's ghost (amateur TeFE)
  3352 | D:4      | Killed Evaline's ghost
  3870 | D:4      | Reached skill level 4 in Axes
  3870 | D:4      | Reached XP level 7. HP: 24/60 MP: 9/9
  3876 | D:4      | Found Warphymyl's Assorted Antiques.
  4171 | D:4      | Bought a scroll of enchant weapon for 142 gold pieces
  4171 | D:4      | Bought a war axe for 66 gold pieces
  4651 | D:5      | Entered Level 5 of the Dungeon
  5255 | D:5      | Reached XP level 8. HP: 55/67 MP: 11/11
  5264 | D:5      | Reached skill level 5 in Axes
  5497 | D:6      | Noticed Salt's ghost (novice MiBe)
  5514 | D:6      | Reached skill level 5 in Fighting
  5527 | D:6      | Banished Salt's ghost
  5527 | D:6      | Reached skill level 5 in Invocations
  5855 | D:6      | Reached skill level 6 in Axes
  5944 | D:6      | Reached **** piety under Lugonu
  5953 | D:6      | Reached skill level 5 in Armour
  6330 | D:6      | Reached XP level 9. HP: 69/74 MP: 13/13
  7115 | D:7      | Found a glowing silver altar of Zin.
  7375 | D:7      | Reached skill level 7 in Axes
  7659 | D:7      | Found a staircase to the Ecumenical Temple.
  9042 | D:8      | Slain by a yak

Skill      XL: |  1  2  3  4  5  6  7  8  9 |
---------------+----------------------------+-----
Axes           | 2 3 4 6 7 |  7.4
Dodging        | 1 2 |  2.0
Fighting       | 4 5 |  5.8
Armour         | 2 3 4 5 6 |  6.8
Invocations    | 3 4 5 6 |  6.6

Action                   |  1- 3 |  4- 6 |  7- 9 || total
-------------------------+-------+-------+-------++-------
Melee: Hand axe          |    54 |   191 |    14 ||   259
       Kick              |     9 |    35 |   102 ||   146
       War axe           |       |       |   406 ||   406
Throw: Tomahawk          |       |       |     2 ||     2
Invok: Depart the Abyss  |     1 |       |       ||     1
       Banish            |       |     1 |     4 ||     5
  Use: Scroll            |     4 |     3 |     5 ||    12
       Potion            |       |       |     5 ||     5
  Eat: Chunk             |       |     7 |    13 ||    20
       Ration            |       |       |     1 ||     1
Armor: Ring mail         |    28 |    70 |       ||    98
       Leather armour    |     2 |       |       ||     2
       Chain mail        |       |   102 |   471 ||   573
       Skin              |       |       |    15 ||    15
Dodge: Dodged            |    25 |    63 |    76 ||   164
